 Dungeon Crawl Stone Soup version 0.24.1 (webtiles) character file.

Game seed: 16337149513859849151, levelgen mode: deterministic

81428 Findor the Spry (level 15, 0/125 (127) HPs)
             Began as a Merfolk Gladiator on Apr 1, 2020.
             Was an Initiate of Gozag.
             Killed from afar by a death drake (shapeshifter) (15 damage)
             ... with a foul vapour
             ... on level 12 of the Dungeon on Apr 3, 2020.
             The game lasted 00:58:44 (20628 turns).

Findor the Spry (Merfolk Gladiator)                Turns: 20628, Time: 00:58:44

HP:   0/125 (127)   AC: 22    Str: 26    XL:     15   Next: 70%
MP:   19/19         EV: 35    Int:  8    God:    Gozag
Gold: 5120          SH:  0    Dex: 23    Spells: 14/14 levels left

rFire    + + +     SeeInvis +   K - +1 halberd (venom)
rCold    + + .     Gourm    .   (shield currently unavailable)
rNeg     . . .     Faith    .   J - +5 scale mail of the Heavens {rF++ rC+}
rPois    +         Spirit   .   r - +2 hat {SInv}
rElec    +         Reflect  .   I - +1 cloak
rCorr    +         Harm     .   P - +0 pair of gloves {Dex+3}
MR       ++...                  v - +1 pair of boots
Stlth    ++........             i - amulet of regeneration
HPRegen  0.00/turn              l - ring of protection from magic
MPRegen  0.16/turn              m - +4 ring of evasion

@: mighty, agile, lethally poisoned (0 -> -48), resistant, non-regenerating,
badly diseased, slowed, studying Crossbows, very slow
A: change form in water, swift swim, stealthy swim
a: Potion Petition, Call Merchant, Bribe Branch, Renounce Religion


You were on level 12 of the Dungeon.
You worshipped Gozag.
Gozag was greatly pleased with you.
You were very full.

You visited 4 branches of the dungeon, and saw 22 of its levels.
You also visited: Ossuary and Gauntlet.

You collected 7258 gold pieces.
You spent 752 gold pieces at shops.
You paid 1386 gold pieces to Gozag.


   Skills:
 + Level 14.9 Fighting
 - Level 16.3 Polearms
 - Level 2.0 Throwing
 + Level 10.9 Armour
 + Level 17.5 Dodging
 - Level 6.0 Evocations


You had 14 spell levels left.
You didn't know any spells.
Your spell library contained the following spells:

 Spells                   Type           Power        Failure   Level  Hunger
 Corona                   Hex            #......      63%         1    ##.....
 Flame Tongue             Conj/Fire      #....        63%         1    ##.....
 Freeze                   Ice            #...         63%         1    ##.....
 Shock                    Conj/Air       #...         63%         1    ##.....
 Summon Small Mammal      Summ           #...         63%         1    ##.....
 Call Imp                 Summ           #.......     77%         2    ###....
 Ensorcelled Hibernation  Hex/Ice        #.....       77%         2    ###....
 Sublimation of Blood     Necr           #.........   77%         2    ###....
 Swiftness                Chrm/Air       #.......     77%         2    ###....
 Throw Flame              Conj/Fire      #.....       77%         2    ###....
 Throw Frost              Conj/Ice       #.....       77%         2    ###....
 Call Canine Familiar     Summ           #.......     94%         3    ####...
 Confuse                  Hex            #.......     94%         3    ####...
 Conjure Flame            Conj/Fire      #.......     94%         3    ####...
 Dazzling Spray           Conj/Hex       #.....       94%         3    ####...
 Ignite Poison            Fire/Tmut/Pois #.......     94%         3    ####...
 Inner Flame              Hex/Fire       #.......     94%         3    ####...
 Ozocubu's Armour         Chrm/Ice       #.......     94%         3    ####...
 Recall                   Summ/Tloc      N/A          94%         3    ####...
 Static Discharge         Conj/Air       #.......     94%         3    ####...
 Summon Guardian Golem    Hex/Summ       #.......     94%         3    ####...
 Tukima's Dance           Hex            #.......     94%         3    ####...
 Airstrike                Air            #.........   100%        4    #####..
 Petrify                  Tmut/Erth      #.......     100%        4    #####..
 Sticky Flame             Conj/Fire      #.......     100%        4    #####..
 Summon Ice Beast         Ice/Summ       #.......     100%        4    #####..
 Summon Lightning Spire   Summ/Air       #.......     100%        4    #####..
 Throw Icicle             Conj/Ice       #.......     100%        4    #####..
 Alistair's Intoxication  Tmut/Pois      #.......     100%        5    ######.
 Aura of Abjuration       Summ           #.........   100%        5    ######.
 Bolt of Magma            Conj/Fire/Erth #.........   100%        5    ######.
 Fireball                 Conj/Fire      #.........   100%        5    ######.
 Irradiate                Conj/Tmut      #.........   100%        5    ######.
 Iskenderun's Battlesphe  Conj/Chrm      #.......     100%        5    ######.
 Lightning Bolt           Conj/Air       #.........   100%        5    ######.
 Summon Demon             Summ           #.........   100%        5    ######.
 Summon Forest            Summ/Tloc      #.........   100%        5    ######.
 Summon Mana Viper        Hex/Summ       #.......     100%        5    ######.
 Venom Bolt               Conj/Pois      #.........   100%        5    ######.
 Iron Shot                Conj/Erth      #.........   100%        6    #######
 Shadow Creatures         Summ           N/A          100%        6    #######
 Orb of Destruction       Conj           #.........   100%        7    #######
 Spellforged Servitor     Conj/Summ      #.........   100%        7    #######

Inventory:

Hand Weapons
 a - a +0 trident
 b - a +2 halberd of freezing
   (You took it off an orc knight on level 2 of the Orcish Mines)
 A - a +3 bardiche
   (You took it off an orc knight on level 2 of the Orcish Mines)
 K - a +1 halberd of venom (weapon)
   (You took it off an orc warrior on level 2 of the Orcish Mines)
Missiles
 d - 5 throwing nets (quivered) {!f}
 U - 18 silver javelins
Armour
 r - a +2 hat of see invisible (worn)
   (You took it off Gastronok on level 1 of the Lair of Beasts)
 v - a +1 pair of boots (worn)
   (You found it on level 2 of the Dungeon)
 I - a +1 cloak (worn)
   (You found it on level 8 of the Dungeon)
 J - the +5 scale mail of the Heavens (worn) {rF++ rC+}
   (You found it on level 8 of the Dungeon)

   It greatly protects you from fire.
   It protects you from cold.
 P - a +0 pair of gloves of dexterity (worn)
   (You found it in a Gauntlet)
 W - a +1 chain mail of poison resistance
   (You took it off an orc knight on level 2 of the Orcish Mines)
Jewellery
 c - a +5 ring of protection
   (You found it on level 1 of the Dungeon)
 i - an amulet of regeneration (around neck)
   (You found it on level 1 of the Dungeon)
 l - a ring of protection from magic (left hand)
   (You found it on level 12 of the Dungeon)
 m - a +4 ring of evasion (right hand)
   (You found it on level 1 of the Dungeon)
 z - an uncursed ring of protection from fire
   (You found it on level 11 of the Dungeon)
 N - an uncursed ring of resist corrosion
   (You found it on level 4 of the Lair of Beasts)
 S - the ring "Pytuapicuk" {+Blink rPois rF- rN+ Str+4}
   (You found it in a Gauntlet)

   [ring of poison resistance]

   It affects your strength (+4).
   It makes you vulnerable to fire.
   It protects you from poison.
   It protects you from negative energy.
   It lets you blink.
 X - an uncursed ring of protection from cold
   (You found it in a Gauntlet)
Wands
 u - a wand of paralysis (8)
   (You found it on level 9 of the Dungeon)
 x - a wand of acid (10)
   (You found it on level 5 of the Lair of Beasts)
 O - a wand of enslavement (12)
   (You found it on level 9 of the Dungeon)
Scrolls
 e - 2 scrolls of brand weapon
 h - 12 scrolls of remove curse {@r2}
 q - 7 scrolls of teleportation {@r4}
 s - 3 scrolls of enchant weapon
 y - 2 scrolls of blinking
 B - 8 scrolls of fog
 C - 6 scrolls of enchant armour
 F - a scroll of magic mapping
 G - 5 scrolls of fear
 L - a scroll of summoning
 Y - 7 scrolls of identify {@r1}
Potions
 j - a potion of brilliance
 k - 6 potions of heal wounds {@q2}
 n - a potion of agility
 o - 3 potions of lignification {!q}
 p - 3 potions of curing {@q1}
 w - 2 potions of resistance
 D - 3 potions of haste {@q3}
 E - 4 potions of cancellation
 H - 6 potions of mutation {!q}
 M - a potion of flight
 Q - a potion of magic
 R - a potion of ambrosia
Books
 T - a manual of Crossbows {!d}
   (You found it in a Gauntlet)
Miscellaneous
 g - a lightning rod (1/4) {!a}
   (You found it on level 5 of the Lair of Beasts)
 t - a phial of floods (inert)
   (You found it on level 5 of the Lair of Beasts)
Comestibles
 f - 19 rations


Message History

You feel very sick.
The killer bee changes into a centaur!
The death drake misses you.
There is a stone staircase leading up here.
* * * LOW HITPOINT WARNING * * *
You feel very sick. The death drake completely misses you.
The orc warrior completely misses you. The death drake completely misses you.
The centaur completely misses you.
You climb upwards.
Level annotation: 3 runed translucent doors, Kasep's ghost, journeyman MiBe
* * * LOW HITPOINT WARNING * * *
You feel very sick.
There is a stone staircase leading down here.
You feel better.
You feel yourself speed up. The death drake breathes miasma at you.
The foul vapour engulfs you!!
You are poisoned.
You feel yourself slow down.
* * * LOW HITPOINT WARNING * * *
The orc warrior is engulfed in dark miasma.
The orc warrior is poisoned.
The orc warrior completely misses you.
The death drake closely misses you. [a] - 299 gold - haste and flight [b] - 510 gold - haste, agility and flight [c] - 522 gold - resistance, might and agility Purchase which effect?
You feel protected.
You feel very mighty all of a sudden.
You feel agile all of a sudden.
You are engulfed in dark miasma.
You feel your flesh rotting away!
You feel ill.
* * * LOW HITPOINT WARNING * * *
* * * LOW HITPOINT WARNING * * *
You feel very sick. The death drake completely misses you.
The orc warrior is engulfed in dark miasma.
The orc warrior looks even sicker.
The orc warrior seems to slow down.
The orc warrior completely misses you. The death drake completely misses you.
You feel much better.
You are engulfed in dark miasma.
You feel your flesh rotting away!
You feel as though you will be slow longer.
* * * LOW HITPOINT WARNING * * *
* * * LOW HITPOINT WARNING * * *
You feel very sick. The death drake breathes miasma at you.
The foul vapour engulfs you!
You are more poisoned.
You feel your flesh rotting away!
You feel ill.
You die...
Your body crumbles into a pile of gold.

### ##.........
###.####### ###
##...#..#..#
##.####....#.....#
##....####..##.#.#)
#.....####..#....)#
##.....#....#..#..#
#.o...##...###.###
#@k...##..##.....#
#...#....##..##...
#...#...##...##...
##.......#..#......
#...#....#.###(.###
##...#.........^....
#####..###....#..###....
##.....####....#..#......
#.....##.......##(..#....


You could see a death drake and an orc warrior.

Vanquished Creatures
  Gastronok (Lair:1)
  A very ugly thing (D:12)
  A minotaur (Gauntlet)
  4 hydras
  3 catoblepae (Lair:6)
  A centaur warrior (D:12)
  Erica (Lair:2)
  A two-headed ogre (D:12)
  14 death yaks
  6 orc high priests (Orc:2)
  An unseen horror (D:12)
  An obsidian statue (Lair:5)
  2 torturous demonspawn (Orc:2)
  2 glowing orange brains
  Pikel (D:7)
  2 deep elf magi (D:12)
  6 orc knights (Orc:2)
  7 ugly things
  6 orc sorcerers
  A necromancer (Gauntlet)
  A cyclops (D:12)
  5 elephants (Lair:5)
  3 manticores
  3 centaur zombies
  4 black mambas
  A smoke demon (Orc:2)
  4 torpor snails
  4 spiny frogs
  An orange demon (Orc:2)
  3 komodo dragons
  A rime drake (Lair:1)
  An ice devil (Orc:2)
  8 polar bears
  A troll (shapeshifter) (D:12)
  9 trolls
  A bog body (Lair:3)
  13 blink frogs
  A hornet (D:9)
  4 dream sheep (Lair:6)
  18 hippogriffs
  A shadow (D:12)
  3 vampires (D:10)
  A redback (Lair:4)
  A wraith (D:11)
  A spriggan (D:11)
  A hungry ghost (D:10)
  6 wyverns
  4 basilisks
  35 yaks
  A neqoxec (Orc:2)
  4 wargs
  Menkaure (D:7)
  3 swamp worms (Gauntlet)
  2 acid dragons (D:12)
  9 water moccasins
  6 porcupines
  3 sky beasts
  33 orc warriors
  A slave (D:7)
  5 ice beasts
  A hornet zombie (D:11)
  11 black bears
  10 ogres
  3 phantoms
  9 centaurs
  A necrophage (D:7)
  45 wolves
  10 crocodiles
  4 big kobolds
  15 bullfrogs
  4 scorpions
  15 killer bees
  3 electric eels
  3 howler monkeys
  5 crimson imps
  2 quasits
  12 hounds
  4 bullfrog zombies
  2 jellies
  25 orc priests
  6 bullfrog skeletons
  4 centaur skeletons
  4 iguanas
  21 orc wizards
  4 worker ants
  A killer bee zombie (D:10)
  3 mummies (Ossuary)
  13 adders
  7 gnolls
  A shadow imp (D:12)
  A white imp (D:5)
  4 oozes
  2 adder skeletons
  4 adder zombies
  2 worms (D:2)
  5 leopard geckos
  74 orcs
  2 bat zombies (D:6)
  5 giant cockroaches
  6 goblins
  12 hobgoblins
  8 jackals
  5 quokkas
  4 bats
  7 frilled lizards
  2 goblin skeletons (D:5)
  5 goblin zombies
  9 hobgoblin zombies
  22 kobolds
  4 kobold zombies
  A leopard gecko zombie (D:6)
  An orc skeleton (D:5)
  An orc zombie (Ossuary)
  5 quokka zombies
  9 rats
  3 rat zombies
  A plant (Lair:6)
721 creatures vanquished.

Vanquished Creatures (collateral kills)
  2 ugly things (D:12)
2 creatures vanquished.

Vanquished Creatures (others)
  3 fungi
  2 plants
5 creatures vanquished.

Grand Total: 728 creatures vanquished

Notes
Turn   | Place    | Note
-------+----------+-------------------------------------------
     0 | D:1      | Findor the Merfolk Gladiator began the quest for the Orb.
     0 | D:1      | Reached XP level 1. HP: 16/16 MP: 1/1
   186 | D:1      | Reached XP level 2. HP: 22/22 MP: 2/2
   802 | D:2      | Reached skill level 6 in Polearms
   802 | D:2      | Reached XP level 3. HP: 27/27 MP: 3/3
  1083 | D:2      | Reached XP level 4. HP: 29/33 MP: 4/4
  1434 | D:3      | Reached XP level 5. HP: 27/38 MP: 5/5
  1459 | D:3      | Found a shadowy altar of Dithmenos.
  1588 | D:3      | Noticed Destapler's ghost (amateur MfSk)
  1607 | D:3      | Found a runed translucent door.
  2099 | D:4      | Reached XP level 6. HP: 40/46 MP: 6/6
  2112 | D:4      | Found a sand-covered staircase.
  2118 | D:4      | Reached skill level 9 in Polearms
  2118 | D:4      | Reached skill level 1 in Armour
  2132 | Ossuary  | Entered an ossuary
  2137 | Ossuary  | Reached skill level 3 in Fighting
  2417 | D:4      | Found a white marble altar of Elyvilon.
  2425 | D:4      | Reached skill level 5 in Dodging
  2641 | D:4      | Found a blossoming altar of Fedhas.
  2682 | D:5      | Entered Level 5 of the Dungeon
  2701 | D:5      | Reached XP level 7. HP: 51/52 MP: 7/7
  2766 | D:5      | Found a glowing golden altar of the Shining One.
  2822 | D:5      | Found a shimmering altar of Xom.
  3260 | D:6      | Reached skill level 6 in Dodging
  3260 | D:6      | Reached XP level 8. HP: 60/60 MP: 8/8
  3319 | D:6      | Found an ancient bone altar of Kikubaaqudgha.
  3418 | D:6      | Found a staircase to the Ecumenical Temple.
  3434 | Temple   | Entered the Ecumenical Temple
  3682 | Temple   | Became a worshipper of Gozag Ym Sagoz the Greedy
  4301 | D:7      | Found a burning altar of Makhleb.
  4456 | D:7      | Noticed a hippogriff
  4463 | D:7      | Killed a hippogriff
  4463 | D:7      | Reached skill level 3 in Armour
  4463 | D:7      | Reached skill level 7 in Dodging
  4463 | D:7      | Reached XP level 9. HP: 57/68 MP: 9/9
  4472 | D:7      | Noticed Menkaure
  4481 | D:7      | Killed Menkaure
  4481 | D:7      | Reached skill level 12 in Polearms
  4552 | D:7      | Got a fine dagger
  4600 | D:7      | Found a hide-covered altar of Uskayaw.
  4701 | D:7      | Noticed Pikel
  4742 | D:7      | Killed Pikel
  4742 | D:7      | Reached skill level 6 in Fighting
  4781 | D:7      | Reached skill level 8 in Dodging
  5117 | D:8      | HP: 12/69 [killer bee (4)]
  5193 | D:8      | Reached XP level 10. HP: 67/77 MP: 10/10
  5317 | D:8      | Reached skill level 9 in Dodging
  5327 | D:8      | Got a shimmering scale mail
  5677 | D:8      | Found a hazy altar of Hepliaklqana.
  5941 | D:9      | Found a shattered altar of Ashenzari.
  6079 | D:9      | Identified the +5 scale mail of the Heavens {rF++ rC+} (You
                  | found it on level 8 of the Dungeon)
  6510 | D:10     | Entered Level 10 of the Dungeon
  6544 | D:10     | Found a staircase to the Lair.
  6913 | D:10     | Reached skill level 15 in Polearms
  7061 | D:10     | Reached skill level 10 in Dodging
  7061 | D:10     | Reached XP level 11. HP: 86/86 MP: 11/11
  7326 | D:10     | Found Zoil's Armour Shop.
  7674 | Lair:1   | Entered Level 1 of the Lair of Beasts
  7813 | Lair:1   | Noticed a six-headed hydra
  7854 | Lair:1   | Killed a six-headed hydra
  8160 | Lair:1   | Noticed Gastronok
  8182 | Lair:1   | Killed Gastronok
  8720 | Lair:2   | Reached skill level 9 in Fighting
  8750 | Lair:2   | Reached skill level 11 in Dodging
  8762 | Lair:2   | Reached skill level 6 in Armour
  9230 | Lair:2   | Reached XP level 12. HP: 89/96 MP: 12/12
  9325 | Lair:2   | Noticed Erica
  9337 | Lair:2   | Killed Erica
  9623 | Lair:3   | Reached skill level 12 in Dodging
  9776 | Lair:3   | Found a staircase to the Swamp.
 10073 | Lair:3   | Noticed a death yak
 10073 | Lair:3   | Noticed a death yak
 10080 | Lair:3   | Noticed a death yak
 10092 | Lair:3   | Killed a death yak
 10103 | Lair:3   | Killed a death yak
 10119 | Lair:3   | Killed a death yak
 10119 | Lair:3   | Reached skill level 13 in Dodging
 10251 | Lair:3   | Noticed a death yak
 10257 | Lair:3   | Noticed a death yak
 10257 | Lair:3   | Noticed a death yak
 10258 | Lair:3   | Noticed a death yak
 10262 | Lair:3   | Noticed a death yak
 10270 | Lair:3   | Killed a death yak
 10280 | Lair:3   | Killed a death yak
 10291 | Lair:3   | Killed a death yak
 10309 | Lair:3   | Killed a death yak
 10309 | Lair:3   | Reached XP level 13. HP: 34/106 MP: 13/13
 10465 | Lair:3   | Found a snail-covered altar of Cheibriados.
 10805 | Lair:6   | Entered Level 6 of the Lair of Beasts
 10821 | Lair:6   | Reached skill level 14 in Dodging
 10942 | Lair:5   | Reached skill level 12 in Fighting
 11630 | Lair:5   | Reached skill level 1 in Evocations
 11759 | Lair:4   | Found a hole to the Spider Nest.
 12721 | Lair:5   | Reached skill level 9 in Armour
 12744 | Lair:5   | Reached skill level 3 in Evocations
 13479 | Lair:6   | Reached skill level 15 in Dodging
 13619 | Lair:6   | Reached XP level 14. HP: 116/116 MP: 16/16
 15601 | D:11     | Found a gate leading to a gauntlet.
 15618 | Gauntlet | Entered a Gauntlet
 15618 | Gauntlet | Found a transporter.
 15618 | Gauntlet | Found a transporter.
 15621 | Gauntlet | Found a transporter.
 15622 | Gauntlet | Found a transporter.
 15625 | Gauntlet | Found a transporter.
 15625 | Gauntlet | Found a transporter.
 15684 | Gauntlet | Found a runed translucent door.
 15688 | Gauntlet | Found a runed translucent door.
 15706 | Gauntlet | Found a transporter.
 15706 | Gauntlet | Found a transporter.
 15710 | Gauntlet | Found a transporter.
 15710 | Gauntlet | Found a transporter.
 15911 | Gauntlet | Found a transporter.
 15911 | Gauntlet | Found a transporter.
 16087 | Gauntlet | Got a crude lead ring
 16162 | Gauntlet | Got a twitching lead ring
 16163 | Gauntlet | Got an ancient rapier
 16163 | Gauntlet | Got a jewelled triple crossbow
 16187 | D:11     | Identified the ring "Pytuapicuk" {+Blink rPois rF- rN+
                  | Str+4} (You found it in a Gauntlet)
 16205 | D:11     | Found a staircase to the Orcish Mines.
 16279 | D:11     | Reached skill level 16 in Dodging
 16374 | D:11     | Reached skill level 6 in Evocations
 16796 | Orc:1    | Entered Level 1 of the Orcish Mines
 16799 | Orc:1    | Found Viod's Magic Scroll Boutique.
 16878 | Orc:1    | Bought 3 scrolls of identify for 78 gold pieces
 16878 | Orc:1    | Bought a scroll of identify for 26 gold pieces
 16878 | Orc:1    | Bought a scroll of identify for 26 gold pieces
 16878 | Orc:1    | Bought a scroll of identify for 26 gold pieces
 16878 | Orc:1    | Bought a scroll of enchant weapon for 97 gold pieces
 16878 | Orc:1    | Identified the ring "Gali Tif" {MR- Dex+7 Stlth-} (You
                  | found it in a Gauntlet)
 16954 | Orc:2    | Entered Level 2 of the Orcish Mines
 17046 | Orc:2    | Found a staircase to the Elven Halls.
 17238 | Orc:2    | Found Qoynont's General Store.
 17545 | Orc:1    | Found Toen's Book Boutique.
 18368 | Orc:2    | Reached XP level 15. HP: 118/126 MP: 19/19
 18390 | Orc:2    | Found Dudurch's Magic Scroll Shop.
 18633 | Orc:2    | Bought a scroll of identify for 28 gold pieces
 18633 | Orc:2    | Bought a scroll of identify for 28 gold pieces
 18633 | Orc:2    | Bought a scroll of identify for 28 gold pieces
 18633 | Orc:2    | Bought a scroll of identify for 28 gold pieces
 18633 | Orc:2    | Bought a scroll of identify for 28 gold pieces
 18633 | Orc:2    | Bought a scroll of fear for 49 gold pieces
 18633 | Orc:2    | Bought a scroll of fog for 28 gold pieces
 18633 | Orc:2    | Bought a scroll of teleportation for 42 gold pieces
 18633 | Orc:2    | Bought a scroll of blinking for 105 gold pieces
 18635 | Orc:2    | Bought a scroll of identify for 30 gold pieces
 18635 | Orc:2    | Bought a scroll of identify for 30 gold pieces
 18635 | Orc:2    | Bought a ration for 75 gold pieces
 18842 | Orc:2    | Paralysed by an orc sorcerer for 2 turns
 18847 | Orc:2    | Paralysed by an orc sorcerer for 3 turns
 18940 | Orc:2    | Reached skill level 17 in Dodging
 18990 | Orc:2    | Found Ockuibloj's Gadget Shoppe.
 18990 | Orc:2    | Found a one-way gate leading to the halls of Pandemonium.
 18990 | Orc:2    | Found Doynaf's Antique Weapon Emporium.
 19527 | D:12     | Found a basalt altar of Yredelemnul.
 20113 | D:12     | Found a runed translucent gate.
 20114 | D:12     | Found a runed translucent gate.
 20114 | D:12     | Found a runed translucent gate.
 20282 | D:12     | Found a runed translucent gate.
 20282 | D:12     | Found a runed translucent gate.
 20286 | D:12     | Noticed Kasep's ghost (journeyman MiBe)
 20288 | D:12     | Found a runed translucent gate.
 20288 | D:12     | Noticed a cacodemon
 20591 | D:13     | Found a gate to the Vaults.
 20626 | D:12     | HP: 18/127 [death drake (shapeshifter)/foul vapour (20)]
 20627 | D:12     | HP: 6/126 [poisoned by a death drake (foul vapour)]
 20628 | D:12     | Killed from afar by a death drake (shapeshifter)

Levels and vault maps discovered:
D:1:      minmay_arrival_five_plusses, layout_loops_cross
D:2:      layout_basic, minmay_small_reverse_x
D:3:      layout_loops_ring, grunt_dithmenos_smoke, first_ration,
          hellmonk_ghost_happy_afterlife
D:4:      layout_cave_pools, nicolae_overflow_crystal_walls,
          kennysheep_mini_moat, enter_ossuary_4
D:5:      layout_rooms, nicolae_tso_besieged_by_evil, basic_altar
D:6:      layout_loops_ring, lemuel_zombie_altar_kikubaaqudgha,
          minmay_temple_entry_offerings, kennysheep_generic_room_14
D:7:      layout_basic, lemuel_doored_altar, kennysheep_little_box, uniq_pikel,
          uniq_menkaure
D:8:      layout_rooms, kennysheep_mini
D:9:      layout_basic, old_standard_altar
D:10:     layout_basic, erik_lair_island, serial_shops, shop,
          nicolae_straight_to_the_point
D:11:     layout_basic, orc_0_dummy, gauntlet_entry_generic, grunt_pizzeria
D:12:     minmay_the_grid_octo_tiled_squarecenter [minmay_the_grid_octo_empty,
          minmay_the_grid_octo_tetromino_candy,
          minmay_the_grid_octo_checkerflower, minmay_the_grid_octo_fat_diamond,
          minmay_the_grid_square_5x5_megaprize_diamond,
          minmay_the_grid_square_5x5_moneybag,
          minmay_the_grid_square_5x5_shrine2,
          minmay_the_grid_square_5x5_two_small,
          minmay_the_grid_square_5x5_inset], layout_cave_pools, basic_altar,
          ploomutoo_gammafunk_ghost_potion_laboratory
D:13:     layout_roguey, david_vaults_2, uniq_nessos, uniq_urug, uniq_snorg
Temple:   oiseaux_autumnal_temple
Lair:1:   layout_roguey, grunt_megastairs_5, uniq_gastronok
Lair:2:   layout_concentric_octagons, infiniplex_staircase_pool,
          grunt_megastairs_1, uniq_erica
Lair:3:   beast_lair_carwin_large_4, layout_misc_corridors,
          skrybe_swamp_entry_bodies, kennysheep_snail_temple
Lair:4:   layout_layer_cave, spider_nest_entry_rubble
Lair:5:   statuecave_lemuel, layout_gridlike, grunt_forest_large_clearings
Lair:6:   evilmike_catoblepas_cave, layout_cave_pods,
          minmay_slime_entry_oklob_enclosed
Orc:1:    layout_diamond_mine, serial_shops, nicolae_shop_statue_plus,
          nicolae_shop_behind_doors
Orc:2:    pf_orc_diabolical, layout_diamond_mine

Action                   |  1- 3 |  4- 6 |  7- 9 | 10-12 | 13-15 || total
-------------------------+-------+-------+-------+-------+-------++-------
Melee: Trident           |    94 |    98 |       |    19 |    24 ||   235
       Halberd           |       |   174 |   344 |   861 |  1858 ||  3237
       Tailslap          |       |       |       |     5 |    11 ||    16
Invok: Potion Petition   |       |       |       |       |     3 ||     3
Evoke: Wand              |       |       |       |     6 |     9 ||    15
       Lightning rod     |       |       |       |       |     9 ||     9
       Phial of floods   |       |       |       |       |     2 ||     2
  Use: Scroll            |       |    17 |     2 |    13 |    14 ||    46
       Potion            |       |       |     3 |     4 |     3 ||    10
 Stab: Sleeping          |     1 |       |       |       |       ||     1
       Distracted        |       |       |     1 |     6 |    16 ||    23
       Invisible         |       |       |       |     1 |       ||     1
  Eat: Chunk             |     1 |     5 |     2 |       |       ||     8
       Ration            |       |       |     2 |     6 |    12 ||    20
Armor: Leather armour    |    17 |    54 |    77 |    26 |       ||   174
       Scale mail        |       |       |       |   283 |   391 ||   674
Dodge: Dodged            |    81 |   195 |   317 |   798 |  1560 ||  2951
